 Dungeon Crawl Stone Soup version 0.28.0 (webtiles) character file.

Game seed: 17457599419368227426

354 krispywithak the Ruffian (level 6, -1/52 HPs)
             Began as a Draconian Berserker on Feb 4, 2022.
             Was a Believer of Trog.
             Killed from afar by an orc wizard (10 damage)
             ... with a puff of flame
             ... on level 4 of the Dungeon.
             The game lasted 00:09:56 (5340 turns).

krispywithak the Ruffian (Draconian Berserker)      Turns: 5340, Time: 00:09:57

Health: -1/52      AC:  8    Str: 22    XL:     6   Next: 35%
Magic:  6/6        EV: 12    Int:  7    God:    Trog [**....]
Gold:   121        SH:  0    Dex: 10    Spells: 5/5 levels left

rFire   . . .      SeeInvis .     - Unarmed
rCold   + . .      Faith    .   (no shield)
rNeg    . . .      Spirit   .   (armour unavailable)
rPois   .          Reflect  .   (helmet restricted)
rElec   .          Harm     .   (no cloak)
rCorr   .          Rampage  .   e - +0 pair of gloves
Will    ++...                   b - +0 pair of boots
Stlth   ++........              (no amulet)
HPRegen 1.17/turn               c - ring of protection from cold
MPRegen 0.10/turn               (no ring)

@: brilliant, strong-willed, on berserk cooldown, regenerating
A: AC +6, unfitting armour, cold-blooded
a: Renounce Religion, Berserk, Trog's Hand


You were on level 4 of the Dungeon.
You worshipped Trog.
Trog was pleased with you.
You visited 1 branch of the dungeon, and saw 4 of its levels.

You collected 121 gold pieces.

Inventory:

Hand Weapons
 n - a +2 quarterstaff of chaos
Missiles
 a - 65 arrows
 f - 4 poisoned darts (quivered)
Armour
 b - a +0 pair of boots (worn)
 e - a +0 pair of gloves (worn)
 o - a +0 cloak
Jewellery
 c - a ring of protection from cold (left hand)
Wands
 q - a wand of acid (2)
Scrolls
 i - 2 scrolls of enchant armour {unknown}
 k - a scroll of silence {unknown}
 l - a scroll of magic mapping {unknown}
 p - a scroll of torment {unknown}
Potions
 g - a potion of attraction {unknown}
 j - a potion of curing


   Skills:
 + Level 4.1 Fighting
 + Level 0.2 Throwing
 + Level 4.0 Dodging
 + Level 1.4 Stealth
 + Level 5.6 Unarmed Combat


You had 5 spell levels left.
You didn't know any spells.
Your spell library contained the following spells:

 Spells                   Type           Power      Damage    Failure   Level
 Sandblast                Erth           0%         2d4       43%         1
 Slow                     Hex            0%         N/A       43%         1
 Passwall                 Tmut/Erth      0%         N/A       56%         2
 Confusing Touch          Hex            0%         N/A       80%         3
 Stone Arrow              Conj/Erth      0%         3d7       80%         3
 Vampiric Draining        Necr           0%         2d6       80%         3
 Fulminant Prism          Conj/Hex       0%         3d6       99%         4
 Iskenderun's Mystic Bla  Conj/Tloc      0%         2d3       99%         4
 Lee's Rapid Deconstruct  Erth           0%         3d5*      100%        5


Dungeon Overview and Level Annotations

Branches:
Dungeon (4/15)
 Temple: D:4-7

Altars:


Innate Abilities, Weirdness & Mutations

Your plain brown scales are hard. (AC +6)
You cannot fit into any form of body armour.
You are cold-blooded and may be slowed by cold attacks.


Message History

You feel clever all of a sudden.
The orc wizard hits you but does no damage.
Something hits you but does no damage.
The orc wizard mumbles some strange words.
The orc wizard flickers and vanishes!
You hit something but do no damage.
Your tail-slap misses something.
Something hits you but does no damage. Something hits you.
You barely miss something. Something hits you.
Something hits you but does no damage. x2
You miss something. Your punch misses something.
You feel the effects of Trog's Hand fading.
Something hits you but does no damage. Something completely misses you.
Something hits you but does no damage.
You miss something.
Your tail-slap misses something.
You feel yourself speed up.
You hear some strange, mumbled words.
A magic dart appears from out of thin air!
The magic dart hits you. Something hits you but does no damage.
You punch something! Trog accepts your kill.
Trog appreciates your killing of a magic user.
Reactivating autopickup.
You feel a bit more experienced. Something hits you but does no damage.
Deactivating autopickup; reactivate with Ctrl-A.
You hear some strange, mumbled words.
A puff of flame appears from out of thin air!
The puff of flame hits you!
* * * LOW HITPOINT WARNING * * *
Things that are here:
a +0 dagger; a +0 robe Your skin stops crawling.
You feel less strong-willed. Something hits you but does no damage.
Your skin crawls.
You feel strong-willed. Something hits you but does no damage.
You miss something.
You hear some strange, mumbled words.
A puff of flame appears from out of thin air!
The puff of flame hits you!
You die...

................(.))......#
...........##.#####.###...#
......##.....###...# ..#
#####...##.#....##.### #
#..........#....§§.#
#...............§§##
...............§.§.#
...................#
...........#....@###
#..............{).#
...)..............#
#.................#
.........<.......#####
#....................#
###.######.###.......#
....# #.##........## #####
##.##.........#


There were no monsters in sight!

Vanquished Creatures
  An orc priest (D:3)
  A hound (D:4)
  Crazy Yiuf (D:3)
  An iguana (D:4)
  3 orc wizards
  Robin (D:2)
  2 gnolls
  4 adders
  An adder skeleton (D:4)
  A worm (D:4)
  A dart slug (D:1)
  8 orcs
  7 endoplasms
  2 giant cockroaches
  12 goblins
  10 hobgoblins
  4 jackals (D:1)
  5 kobolds
  12 ball pythons
  6 bats
  A frilled lizard (D:3)
  2 rats
86 creatures vanquished.

Vanquished Creatures (others)
  5 fungi (D:3)
  36 plants (D:1)
41 creatures vanquished.

Grand Total: 127 creatures vanquished

Notes
Turn   | Place    | Note
-------+----------+-------------------------------------------
     0 | D:1      | krispywithak the Draconian Berserker began the quest for
                  | the Orb.
     0 | D:1      | Reached XP level 1. HP: 19/19 MP: 1/1
  1323 | D:1      | Reached XP level 2. HP: 24/27 MP: 2/2
  1690 | D:1      | Reached XP level 3. HP: 26/33 MP: 3/3
  2165 | D:2      | Noticed Robin
  2175 | D:2      | Reached ** piety under Trog
  2205 | D:2      | Killed Robin
  2206 | D:2      | Reached XP level 4. HP: 19/40 MP: 4/4
  2769 | D:2      | Reached skill level 4 in Unarmed Combat
  2820 | D:2      | Found a faded altar of an unknown god.
  2942 | D:2      | Reached skill level 1 in Stealth
  3558 | D:3      | Reached XP level 5. HP: 9/46 MP: 5/5
  4371 | D:3      | Found a runed translucent door.
  4372 | D:3      | Noticed Crazy Yiuf
  4384 | D:3      | Killed Crazy Yiuf
  4385 | D:3      | Reached skill level 5 in Unarmed Combat
  5186 | D:4      | Reached XP level 6. HP: 49/52 MP: 6/6
  5340 | D:4      | Killed from afar by an orc wizard

Illustrated notes

Levels and vault maps discovered:
D:1:      amcnicky_arrival_blooded_trapdoor, layout_loops_ring,
          minmay_liquid_box, serial_bayou_lagoon_a, nicolae_grassy_gnolls
D:2:      layout_rooms, ebering_ecumenical_altar_rust, minmay_tromino_v7,
          uniq_robin
D:3:      layout_loops_cross, minmay_tree_intersection, uniq_crazy_yiuf_cottage
D:4:      layout_rooms

Skill      XL: |  1  2  3  4  5 |
---------------+----------------+-----
Dodging        | 3 4 |  4.0
Unarmed Combat | 4 5 |  5.6
Stealth        | 1 |  1.4
Fighting       | 4 |  4.1
Throwing       | |  0.2

Action                   |  1- 3 |  4- 6 || total
-------------------------+-------+-------++-------
Melee: Unarmed           |   137 |   184 ||   321
       Tailslap          |    17 |    25 ||    42
       Punch             |     4 |     8 ||    12
Throw: Dart              |       |     5 ||     5
Invok: Berserk           |     1 |     2 ||     3
       Trog's Hand       |       |     4 ||     4
  Use: Potion            |     2 |     3 ||     5
       Scroll            |     1 |     2 ||     3
Armor: Skin              |    70 |    95 ||   165
Dodge: Dodged            |   126 |    98 ||   224
